 Dungeon Crawl Stone Soup version 0.22-a0-460-g49b1da7e92 (webtiles) character file.

833 MirrMurr the Ducker (level 7, -3/37 HPs)
             Began as a Spriggan Berserker on June 9, 2018.
             Was a Priest of Trog.
             Slain by a bog mummy (19 damage)
             ... in an ossuary.
             The game lasted 00:09:00 (5489 turns).

MirrMurr the Ducker (Spriggan Berserker)            Turns: 5489, Time: 00:09:00

Health: -3/37      AC:  3    Str: 15    XL:     7   Next: 66%
Magic:  8/8        EV: 22    Int:  9    God:    Trog [***...]
Gold:   177        SH:  0    Dex: 15    Spells: 6/6 levels left

rFire    . . .     SeeInvis +   a - +0 trident
rCold    . . .     Gourm    .   (shield currently unavailable)
rNeg     . . .     Faith    .   f - +1 robe
rPois    .         Spirit   .   (helmet restricted)
rElec    .         Reflect  .   (no cloak)
rCorr    .         Harm     .   (gloves unavailable)
MR       +....                  (boots unavailable)
Stlth    +++.......             (no amulet)
HPRegen  0.12/turn              (no ring)
MPRegen  0.11/turn              (no ring)

@: very quick
A: very small, unfitting armour, see invisible, herbivore, speed 3, slow
metabolism 2
a: Berserk, Trog's Hand, Renounce Religion


You were in an ossuary.
You worshipped Trog.
Trog was most pleased with you.
You were not hungry.

You visited 1 branch of the dungeon, and saw 4 of its levels.
You also visited: Sewer and Ossuary.

You collected 177 gold pieces.

Inventory:

Hand Weapons
 a - a +0 trident (weapon)
 b - a +0 hunting sling
 n - a +3 dagger
Missiles
 d - 22 sling bullets
 e - 14 tomahawks (quivered)
 i - 24 poisoned needles
 j - 103 stones
 k - 42 arrows
Armour
 f - a +1 robe (worn)
Jewellery
 m - an uncursed amulet of magic regeneration {unknown}
 o - an uncursed ring of positive energy {unknown}
 s - an uncursed ring of magical power {unknown}
Wands
 q - a wand of random effects (29)
Scrolls
 g - 5 scrolls of identify
 r - a scroll of remove curse
 t - 2 scrolls of teleportation
 v - a scroll of fear {unknown}
 y - a scroll of noise {unknown}
 D - a scroll of blinking {unknown}
Potions
 h - 2 potions of flight {unknown}
 l - 7 potions of curing
 p - 3 potions of berserk rage {unknown}
 u - a potion of agility {unknown}
 w - 2 potions of might {unknown}
 x - a potion of haste {unknown}
 z - 4 potions of degeneration {unknown}
 A - a potion of brilliance {unknown}
 B - a potion of invisibility {unknown}
 C - 2 potions of magic {unknown}
 E - a potion of mutation {unknown}
Comestibles
 c - 4 rations


   Skills:
 + Level 4.0 Fighting
 * Level 4.7 Polearms
 + Level 7.0 Dodging
 + Level 5.9 Stealth


You had 6 spell levels left.
You didn't know any spells.
Your spell library was empty.

Dungeon Overview and Level Annotations

Branches:
Dungeon (4/15)
 Temple: D:4-7

Altars:
Cheibriados
Makhleb
The Shining One


Innate Abilities, Weirdness & Mutations

You are very small and have problems with some larger weapons.
You are too small for most types of armour.
You have supernaturally acute eyesight. (SInv)
You are a herbivore.
You cover ground extremely quickly.
You need to consume almost no food.


Message History

The puff of frost misses you.
You barely miss the bog mummy.
The bog mummy is severely damaged.
You hit the bog mummy but do no damage.
The bog mummy is severely damaged.
The bog mummy hits you!!
You are too injured to fight recklessly!
You are too injured to fight recklessly!
You are too injured to fight recklessly!
You are too injured to fight recklessly!
You hit the bog mummy but do no damage.
The bog mummy is severely damaged.
The bog mummy misses you.
You hit the bog mummy but do no damage.
The bog mummy is severely damaged.
You hit the bog mummy.
The bog mummy is almost destroyed.
The bog mummy hits you!!
Ouch! That really hurt!
You die...

#.'...........≈≈..#
###.#####'#####≈≈≈#
#P'.#...# #...#...#
#≈#.#...###...#≈###
#.≈.#...#.#...#≈≈.
#≈##.##'##'##'##≈###
#≈.≈.≈≈≈≈≈≈≈≈≈.≈..P#
#≈##≈#'#≈#≈#M#≈≈.≈≈# #
≈≈P#.#.≈.#@≈.#.≈≈#
#≈#≈#≈≈≈#≈#≈≈#≈≈##≈≈≈≈
# #####≈#≈≈≈≈≈#≈≈# ≈#≈
###≈≈≈#≈≈≈≈≈# #
#≈####≈#≈#≈≈# ≈≈#
###≈≈≈## ### ###


You could see a bog mummy.

Vanquished Creatures
  The ghost of NoiZ the Magician, an amateur DEFE (D:3)
  Purgy (Sewer)
  5 bullfrog zombies (Ossuary)
  2 centaur zombies (Ossuary)
  An orc priest (D:2)
  A hound (D:2)
  11 mummies (Ossuary)
  5 worker ant zombies (Ossuary)
  Robin (D:2)
  4 adders
  3 adder zombies (Ossuary)
  2 worms
  2 dart slugs
  A leopard gecko (D:2)
  3 orcs (D:2)
  2 giant cockroaches
  14 goblins
  6 hobgoblins
  2 jackals (D:2)
  8 kobolds
  11 bats
  A frilled lizard (D:2)
  A leopard gecko zombie (Ossuary)
  A quokka zombie (Ossuary)
  4 rats
93 creatures vanquished.

Vanquished Creatures (others)
  4 withered plants (Ossuary)
4 creatures vanquished.

Grand Total: 97 creatures vanquished

Notes
Turn   | Place    | Note
-------+----------+-------------------------------------------
     0 | D:1      | MirrMurr the Spriggan Berserker began the quest for the Orb.
     0 | D:1      | Reached XP level 1. HP: 11/11 MP: 2/2
   890 | D:2      | Reached skill level 1 in Stealth
   890 | D:2      | Reached XP level 2. HP: 7/16 MP: 3/3
   986 | D:2      | Reached XP level 3. HP: 12/19 MP: 4/4
  1546 | D:2      | Reached skill level 5 in Dodging
  1546 | D:2      | Reached XP level 4. HP: 23/23 MP: 5/5
  1737 | D:2      | Found a burning altar of Makhleb.
  2482 | D:2      | Noticed Robin
  2489 | D:2      | Killed Robin
  2491 | D:2      | Reached ** piety under Trog
  3035 | D:3      | Found a glowing drain.
  3037 | D:3      | Noticed NoiZ's ghost (amateur DEFE)
  3333 | D:3      | Reached XP level 5. HP: 28/28 MP: 6/6
  3364 | D:3      | Killed NoiZ's ghost
  3381 | Sewer    | Entered a sewer
  3526 | Sewer    | Noticed Purgy
  3540 | Sewer    | Killed Purgy
  3540 | Sewer    | Reached skill level 6 in Dodging
  3540 | Sewer    | Reached XP level 6. HP: 32/32 MP: 7/7
  3682 | D:3      | Found a glowing golden altar of the Shining One.
  4337 | D:4      | Found a snail-covered altar of Cheibriados.
  4389 | D:4      | Found a sand-covered staircase.
  4395 | Ossuary  | Entered an ossuary
  4700 | Ossuary  | Reached skill level 5 in Stealth
  4700 | Ossuary  | Reached XP level 7. HP: 23/36 MP: 8/8
  4719 | Ossuary  | Reached *** piety under Trog
  5419 | Ossuary  | Reached skill level 7 in Dodging
  5489 | Ossuary  | Slain by a bog mummy

Vault maps used:
D:1:      dpeg_arrival_central
D:2:      first_ration, makhleb_blood_cavern_becter, uniq_robin
D:3:      cheibrodos_sewer_entry_drain, tso_metal_star
D:4:      kennysheep_slug_shrine, enter_ossuary_1, corexii_leaking_fountain
Sewer:    sewer_big_baddie
Ossuary:  ossuary_zaba_flooded

Skill      XL: |  1  2  3  4  5  6  7 |
---------------+----------------------+-----
Stealth        | 1 2 3 4 5 |  5.9
Dodging        | 5 6 7 |  7.0
Polearms       | 3 4 |  4.7
Fighting       | 3 4 |  4.0

Action                   |  1- 3 |  4- 6 |  7- 9 || total
-------------------------+-------+-------+-------++-------
Melee: Spear             |    80 |   103 |       ||   183
       Trident           |       |   143 |   146 ||   289
 Fire: Hunting sling     |       |    10 |       ||    10
Throw: Tomahawk          |     1 |       |       ||     1
Invok: Berserk           |     2 |     4 |     3 ||     9
  Use: Scroll            |     4 |     3 |       ||     7
 Stab: Sleeping          |       |     4 |       ||     4
       Distracted        |       |     2 |     1 ||     3
  Eat: Ration            |       |     4 |     2 ||     6
Armor: Robe              |     4 |    22 |     9 ||    35
       Animal skin       |     1 |       |       ||     1
Dodge: Dodged            |    43 |   169 |   116 ||   328

Table legend:
 A = Spawn XP
 B = Non-spawn XP
 C = Spawn XP percentage of total XP
 D = Spawn monster count
 E = Non-spawn monster count
 F = Spawn count percentage of total count
 G = Total turns spent on level
                    A         B        C        D         E        F      G
               +---------+---------+-------+---------+---------+-------+---------
         Total |       0 |    1191 |   0.0 |       0 |      93 |   0.0 |  5489
               +---------+---------+-------+---------+---------+-------+---------
           D:1 |       0 |       8 |   0.0 |       0 |       5 |   0.0 |  1124
           D:2 |       0 |     182 |   0.0 |       0 |      35 |   0.0 |  2053
           D:3 |       0 |     178 |   0.0 |       0 |      16 |   0.0 |   846
           D:4 |       0 |      30 |   0.0 |       0 |       3 |   0.0 |   165
         Sewer |       0 |     143 |   0.0 |       0 |       6 |   0.0 |   207
       Ossuary |       0 |     650 |   0.0 |       0 |      28 |   0.0 |  1094
               +---------+---------+-------+---------+---------+-------+---------
